 Dungeon Crawl Stone Soup version 0.18.1-48-g4cf74bf (webtiles) character file.

1108 MovingMist the Covered (level 8, 51/51 HPs)
             Began as a Gargoyle Fighter on Aug 16, 2016.
             Was an Initiate of Gozag.
             Got out of the dungeon alive.
             The game lasted 00:14:54 (3083 turns).

MovingMist the Covered (Gargoyle Fighter)           Turns: 3083, Time: 00:14:55

Health: 51/51      AC: 23    Str: 19    XL:     8   Next: 33%
Magic:  8/8        EV:  5    Int: 10    God:    Gozag
Gold:   137        SH:  9    Dex: 11    Spells: 0 memorised, 7 levels left

rFire  . . .     SeeInvis .     m - +6 mace (crush)
rCold  . . .     Gourm    +     q - +0 plate armour
rNeg   + . .     Faith    .     c - +0 shield
rPois  ∞         Spirit   .     o - +1 helmet
rElec  +         Dismiss  .     D - +2 cloak {rPois}
rCorr  .         Reflect  .     (no gloves)
SustAt .         Harm     .     (no boots)
MR     .....                    e - amulet of the gourmand
Stlth  ..........               (no ring)
                                (no ring)

@: not resistant to hostile enchantments, extremely unstealthy
A: negative energy resistance 1, electricity resistance, unbreathing,
petrification resistance, rot immunity, AC +5
a: Potion Petition, Call Merchant, Bribe Branch, Renounce Religion


You escaped.
You worshipped Gozag.
Gozag was noncommittal.
You were very full.

You visited 2 branches of the dungeon, and saw 6 of its levels.

You collected 227 gold pieces.
You spent 90 gold pieces at shops.

Inventory:

Hand Weapons
 m - a +6 mace of crushing (weapon)
Armour
 c - a +0 shield (worn)
 o - a +1 helmet (worn)
 q - a +0 plate armour (worn)
 D - a +2 cloak of poison resistance (worn)
Jewellery
 e - an amulet of the gourmand (around neck)
Wands
 r - a wand of random effects (25/48)
 B - a wand of polymorph (10/24)
Scrolls
 b - 3 scrolls of magic mapping
 i - a scroll of enchant weapon
 j - a scroll of noise {unknown}
 k - 4 scrolls of fear
 l - 4 scrolls of fog
 u - a scroll of recharging {unknown}
 x - a scroll of enchant armour {unknown}
 y - a scroll of teleportation {unknown}
 z - a scroll of remove curse {unknown}
Potions
 d - 2 potions of might
 g - 2 potions of heal wounds
 h - a potion of berserk rage
 n - a potion of curing
 p - a potion of flight {unknown}
 s - a potion of resistance {unknown}
 v - a potion of agility {unknown}
 w - a potion of cure mutation {unknown}
 C - a potion of invisibility {unknown}
Books
 A - a book of Conjurations

   Spells                             Type                      Level
   a - Magic Dart                     Conjuration                  1
   b - Searing Ray                    Conjuration                  2
   c - Dazzling Spray                 Conjuration/Hexes            3
   d - Fulminant Prism                Conjuration/Hexes            4
   e - Iskenderun's Mystic Blast      Conjuration                  4
   f - Iskenderun's Battlesphere      Conjuration/Charms           5
Comestibles
 a - 2 fruits
 f - 4 bread rations
 t - a slice of pizza


   Skills:
 + Level 6.0 Fighting
 + Level 5.1 Maces & Flails
 + Level 6.2 Armour
 + Level 3.8 Dodging
 - Level 3.2 Shields


You had 7 spell levels left.
You didn't know any spells.

Dungeon Overview and Level Annotations

Branches:
Dungeon (5/15)             Temple (1/1) D:5

Altars:
Ashenzari
Cheibriados
Dithmenos
Fedhas
Gozag
Kikubaaqudgha
Makhleb
Nemelex Xobeh
Ru
Sif Muna
Trog
Xom
Yredelemnul
Zin

Shops:
D:5 [


Innate Abilities, Weirdness & Mutations

You are resistant to torment.
Your stone body is resilient (AC +5).
You are immune to poison.
You resist negative energy.
You are resistant to electric shocks.
You can survive without breathing.
You are immune to petrification.
You are immune to rotting.


Message History

What level of the Dungeon? (default 1, ? - help)
There is a stone staircase leading up here.
You climb upwards.
There is a stone staircase leading down here.
A bat comes into view.
The bat hits you but does no damage. The bat barely misses you.
The bat hits you but does no damage. You block the bat's attack.
You block the bat's attack. The bat completely misses you.
You sock the bat!
You kill the bat!
You now have 137 gold pieces (gained 6).
You see here 28 stones.
There is an open gate here.
There is an open gate here.
There is a staircase leading out of the dungeon here.
Are you sure you want to leave the Dungeon?
This will make you lose the game!
You have escaped!

.............#
.###########.# .#
#)# .# #.# .#
####.#
.########...######
..........###8.#.#
########...##'#..#
.............'#.@#
.#######...##'#..#
.# ##.###8.#.###
.# #.# ######.# .#
#.# #..# .# #)#
#..# ## #.#
#..######## # #.#
#.........# # #.#
#..######.#


There were no monsters in sight!

Vanquished Creatures
  Pikel (D:5)
  Prince Ribbit (D:5)
  A slave (D:5)
  A phantom (D:4)
  A centaur (D:5)
  A human zombie (D:5)
  A crimson imp (D:5)
  An orc wizard (D:4)
  A worker ant (D:4)
  Robin (D:3)
  6 adders
  3 oozes
  3 worms
  2 dart slugs
  3 giant geckos
  7 orcs
  9 bats
  8 giant cockroaches
  10 goblins
  11 hobgoblins
  8 jackals
  2 ball pythons (D:3)
  2 giant newts
  A jackal skeleton (D:4)
  7 kobolds
  A kobold skeleton (D:5)
  7 rats
100 creatures vanquished.

Notes
Turn   | Place    | Note
--------------------------------------------------------------
     0 | D:1      | MovingMist the Gargoyle Fighter began the quest for the Orb.
     0 | D:1      | Reached XP level 1. HP: 14/14 MP: 1/1
    71 | D:1      | Reached XP level 2. HP: 19/19 MP: 2/2
   236 | D:1      | Reached XP level 3. HP: 23/24 MP: 3/3
   274 | D:1      | Reached skill level 1 in Dodging
   385 | D:1      | Found a snail-covered altar of Cheibriados.
   742 | D:2      | Found a shadowy altar of Dithmenos.
   768 | D:2      | Found a blossoming altar of Fedhas.
   917 | D:2      | Reached XP level 4. HP: 29/29 MP: 4/4
  1363 | D:3      | Noticed Robin
  1391 | D:3      | Killed Robin
  1391 | D:3      | Reached XP level 5. HP: 23/33 MP: 5/5
  1550 | D:3      | Found a shimmering altar of Xom.
  1888 | D:3      | Found a deep blue altar of Sif Muna.
  1978 | D:4      | Noticed a phantom
  1994 | D:4      | Killed a phantom
  1994 | D:4      | Reached XP level 6. HP: 32/39 MP: 6/6
  2423 | D:5      | Entered Level 5 of the Dungeon
  2453 | D:5      | Noticed a human
  2458 | D:5      | Found a runed door.
  2461 | D:5      | Found a basalt altar of Yredelemnul.
  2469 | D:5      | Noticed Prince Ribbit
  2484 | D:5      | Reached skill level 5 in Armour
  2514 | D:5      | Killed Prince Ribbit
  2514 | D:5      | Reached skill level 5 in Fighting
  2514 | D:5      | Reached XP level 7. HP: 16/44 MP: 7/7
  2579 | D:5      | Noticed Pikel
  2592 | D:5      | Killed Pikel
  2592 | D:5      | Reached skill level 5 in Maces & Flails
  2592 | D:5      | Reached XP level 8. HP: 27/51 MP: 8/8
  2601 | D:5      | Found a shattered altar of Ashenzari.
  2659 | D:5      | Found Syrchodwe's Antique Armour Shop.
  2667 | D:5      | Bought a glowing cloak for 90 gold pieces
  2787 | D:5      | Found a staircase to the Ecumenical Temple.
  2828 | Temple   | Entered the Ecumenical Temple
  2876 | Temple   | Became a worshipper of Gozag Ym Sagoz the Greedy
  3083 | D:$      | Got out of the dungeon alive.

Skill      XL: |  1  2  3  4  5  6  7  8 |
---------------+-------------------------+-----
Dodging        | 1 2 3 |  3.8
Armour         | 4 5 6 |  6.2
Fighting       | 4 5 6 |  6.0
Maces & Flails | 3 4 5 |  5.1
Shields        | |  3.2

Action                   |  1- 3 |  4- 6 |  7- 9 || total
-------------------------+-------+-------+-------++-------
Melee: Flail             |   103 |       |       ||   103
       Mace              |    13 |   171 |    23 ||   207
Invok: Potion Petition   |       |       |     1 ||     1
  Use: Scroll            |     3 |     9 |       ||    12
  Eat: Chunk             |    19 |     5 |     1 ||    25
Armor: Scale mail        |    67 |     4 |       ||    71
       Chain mail        |       |    42 |       ||    42
       Plate armour      |       |    65 |    46 ||   111
Dodge: Dodged            |    41 |    39 |    14 ||    94
Block: Shield            |    67 |    75 |    28 ||   170
